[ AOE2 MATCH · #487855853 ]
Team RMGeorgians vs Britons
Player's team · LOSS
[ REPLAY ANALYSIS · EXTRACTED FROM THE RECORDED GAME ]
Feudal
11:23
Castle
30:50
Imperial
37:12
| APM avg | 32.0 |
| APM peak | 96 |
| eAPM avg | 21.3 |
| Villagers / military | 98 / 0 |
Focus
⚔️ 31.1% · 🌾 68.9%
Feudal
12:24
Castle
22:02
Imperial
—
| APM avg | 37.6 |
| APM peak | 93 |
| eAPM avg | 21.3 |
| Villagers / military | 106 / 56 |
Focus
⚔️ 30.0% · 🌾 70.0%
Longbowman ×55 · Monk ×1
Feudal
10:30
Castle
15:19
Imperial
28:48
| APM avg | 54.8 |
| APM peak | 92 |
| eAPM avg | 26.8 |
| Villagers / military | 136 / 84 |
Focus
⚔️ 21.0% · 🌾 79.0%
Knight ×68 · Battering Ram ×6 · Mangonel ×5 · Trebuchet (Packed) ×3 · Monk ×1 · Scout Cavalry ×1
Feudal
11:47
Castle
16:00
Imperial
—
| APM avg | 16.5 |
| APM peak | 52 |
| eAPM avg | 10.4 |
| Villagers / military | 25 / 41 |
Focus
⚔️ 39.6% · 🌾 60.4%
Karambit Warrior ×34 · Battering Ram ×4 · Petard ×2 · Mangonel ×1
Feudal
11:51
Castle
17:06
Imperial
36:14
| APM avg | 29.6 |
| APM peak | 63 |
| eAPM avg | 14.7 |
| Villagers / military | 99 / 44 |
Focus
⚔️ 20.5% · 🌾 79.5%
Conquistador ×35 · Battering Ram ×5 · Monk ×3 · Mangonel ×1
Feudal
13:26
Castle
17:05
Imperial
25:10
| APM avg | 27.2 |
| APM peak | 62 |
| eAPM avg | 15.9 |
| Villagers / military | 48 / 37 |
Focus
⚔️ 24.3% · 🌾 75.7%
Organ Gun ×30 · Fishing Ship ×8 · Bombard Cannon ×5 · Battering Ram ×2
Feudal
13:13
Castle
18:06
Imperial
35:34
| APM avg | 31.5 |
| APM peak | 84 |
| eAPM avg | 17.4 |
| Villagers / military | 86 / 77 |
Focus
⚔️ 32.5% · 🌾 67.5%
Spearman ×70 · Unknown (2579) ×27 · Fishing Ship ×8 · Trade Cart ×5 · Scorpion ×4 · Mangonel ×2
Feudal
8:03
Castle
23:54
Imperial
32:13
| APM avg | 22.8 |
| APM peak | 60 |
| eAPM avg | 14.7 |
| Villagers / military | 92 / 4 |
Focus
⚔️ 26.3% · 🌾 73.7%
Fishing Ship ×15 · Battering Ram ×4
Match map
Initial resources + every placement click. Lines = walls · curves = elevation contours. ◆ gold · ⬟ stone · ● berries · ✦ relic · ◌ wall gap
Your base· ✓ Closed at 30:50 · 74t walls · 3 gate(s)
Omicron's base· ✓ Closed at 22:02 · 36t walls · no gate
DL | El pata de las GTX's base· ✓ Closed at 15:19 · 0t walls · no gate
TheTimeKeeper's base· Open — opponent sealed themselves in
DL | Nato's base· ✓ Closed at 17:06 · 0t walls · no gate
Buhr's base· Open — opponent sealed themselves in
Sky_二哥's base· Open — opponent sealed themselves in
Cyndaquil's base· ✓ Closed at 23:54 · 113t walls · 1 gate(s)
Smoothed initial terrain · ◌ = detected wall gap · hover for details
Inputs per minute
— DL | Tortafuller - - Omicron
Build order — DL | Tortafuller
First 150 of 217 actions detected
| 0:04 | Create | Villager (Male) |
| 0:04 | Create | Villager (Male) |
| 0:04 | Create | Villager (Male) |
| 0:04 | Create | Villager (Male) |
| 0:05 | Create | Villager (Male) |
| 0:06 | Build | House |
| 0:08 | Build | House |
| 0:27 | Research | Loom |
| 0:31 | Create | Villager (Male) |
| 0:40 | Build | Palisade Wall |
| 0:41 | Build | Palisade Wall |
| 0:42 | Build | Palisade Wall |
| 0:50 | Create | Villager (Male) |
| 0:50 | Create | Villager (Male) |
| 3:16 | Create | Villager (Male) |
| 3:16 | Create | Villager (Male) |
| 3:40 | Create | Villager (Male) |
| 4:06 | Create | Villager (Male) |
| 4:06 | Create | Villager (Male) |
| 4:34 | Create | Villager (Male) |
| 4:34 | Create | Villager (Male) |
| 4:34 | Create | Villager (Male) |
| 4:49 | Create | Villager (Male) |
| 5:18 | Build | House |
| 5:40 | Create | Villager (Male) |
| 5:40 | Create | Villager (Male) |
| 6:02 | Create | Villager (Male) |
| 6:02 | Create | Villager (Male) |
| 6:03 | Create | Villager (Male) |
| 6:03 | Create | Villager (Male) |
| 6:42 | Create | Villager (Male) |
| 7:40 | Create | Villager (Male) |
| 8:21 | Create | Villager (Male) |
| 8:46 | Build | Mill |
| 8:47 | Create | Villager (Male) |
| 9:13 | Research | Feudal Age |
| 10:19 | Build | Mule Cart |
| 10:25 | Create | Villager (Male) |
| 10:25 | Create | Villager (Male) |
| 10:25 | Create | Villager (Male) |
| 10:25 | Create | Villager (Male) |
| 10:26 | Create | Villager (Male) |
| 10:26 | Create | Villager (Male) |
| 11:06 | Create | Villager (Male) |
| 11:14 | Create | Villager (Male) |
| 11:14 | Create | Villager (Male) |
| 11:23 | Age | Feudal Age |
| 11:34 | Build | Palisade Gate |
| 11:37 | Build | House |
| 11:39 | Build | House |
| 11:41 | Build | Watch Tower |
| 11:54 | Create | Villager (Male) |
| 12:09 | Create | Villager (Male) |
| 12:09 | Create | Villager (Male) |
| 12:22 | Build | Watch Tower |
| 12:24 | Build | House |
| 12:27 | Build | Palisade Wall |
| 12:30 | Build | Palisade Wall |
| 12:34 | Build | Palisade Wall |
| 12:55 | Create | Villager (Male) |
| 13:12 | Build | Watch Tower |
| 13:22 | Build | House |
| 13:24 | Build | Palisade Wall |
| 13:24 | Build | Palisade Wall |
| 14:08 | Build | Stone Wall |
| 14:10 | Create | Villager (Male) |
| 14:24 | Build | Stone Wall |
| 14:54 | Build | House |
| 15:20 | Build | Watch Tower |
| 15:25 | Build | Palisade Wall |
| 15:27 | Build | Palisade Wall |
| 16:11 | Create | Villager (Male) |
| 16:16 | Create | Villager (Male) |
| 16:43 | Build | Watch Tower |
| 16:49 | Build | Farm |
| 16:50 | Build | Farm |
| 17:03 | Build | Mule Cart |
| 17:15 | Build | Farm |
| 17:18 | Build | Farm |
| 17:19 | Build | Farm |
| 17:19 | Build | Farm |
| 17:19 | Build | Farm |
| 17:19 | Build | Farm |
| 17:20 | Build | Farm |
| 17:20 | Build | Farm |
| 17:20 | Build | Farm |
| 17:26 | Create | Villager (Male) |
| 17:26 | Create | Villager (Male) |
| 17:34 | Build | Stone Wall |
| 17:57 | Build | Stone Wall |
| 18:01 | Build | Stone Wall |
| 18:06 | Create | Villager (Male) |
| 18:14 | Build | Stone Wall |
| 18:21 | Build | Stone Wall |
| 18:24 | Create | Villager (Male) |
| 18:28 | Build | Farm |
| 18:30 | Build | Farm |
| 18:36 | Build | Farm |
| 18:54 | Build | Palisade Wall |
| 18:56 | Create | Villager (Male) |
| 18:56 | Create | Villager (Male) |
| 18:56 | Create | Villager (Male) |
| 19:38 | Create | Villager (Male) |
| 19:45 | Build | Palisade Wall |
| 19:47 | Create | Villager (Male) |
| 19:48 | Create | Villager (Male) |
| 19:50 | Create | Villager (Male) |
| 19:51 | Create | Villager (Male) |
| 19:52 | Build | Farm |
| 19:53 | Build | Farm |
| 19:53 | Build | Farm |
| 19:58 | Build | House |
| 20:11 | Create | Villager (Male) |
| 20:20 | Build | Gate |
| 20:21 | Create | Villager (Male) |
| 20:31 | Create | Villager (Male) |
| 20:59 | Create | Villager (Male) |
| 21:03 | Build | Stone Wall |
| 21:04 | Create | Villager (Male) |
| 21:08 | Build | Stone Wall |
| 21:10 | Create | Villager (Male) |
| 21:15 | Build | Watch Tower |
| 21:24 | Create | Villager (Male) |
| 21:25 | Create | Villager (Male) |
| 21:28 | Create | Villager (Male) |
| 21:29 | Build | Farm |
| 21:32 | Research | Double-Bit Axe |
| 21:41 | Research | Horse Collar |
| 21:43 | Build | House |
| 22:27 | Create | Villager (Male) |
| 22:35 | Build | Palisade Wall |
| 22:47 | Build | Stone Wall |
| 22:59 | Create | Villager (Male) |
| 22:59 | Create | Villager (Male) |
| 23:03 | Build | Stone Wall |
| 23:06 | Build | Stone Wall |
| 23:12 | Create | Villager (Male) |
| 23:21 | Build | Farm |
| 23:21 | Build | Farm |
| 23:21 | Build | Farm |
| 23:22 | Build | Farm |
| 23:22 | Build | Farm |
| 23:22 | Build | Farm |
| 23:23 | Create | Villager (Male) |
| 23:52 | Build | House |
| 24:03 | Build | Stone Wall |
| 24:08 | Create | Villager (Male) |
| 24:26 | Create | Villager (Male) |
| 24:29 | Build | House |
| 24:31 | Build | House |
Build order — Omicron
First 150 of 282 actions detected
| 0:01 | Create | Villager (Male) |
| 0:01 | Create | Villager (Male) |
| 0:02 | Build | House |
| 0:03 | Build | House |
| 0:05 | Create | Villager (Male) |
| 0:06 | Create | Villager (Male) |
| 0:06 | Create | Villager (Male) |
| 0:23 | Research | Loom |
| 0:28 | Create | Villager (Male) |
| 0:33 | Build | Palisade Wall |
| 0:44 | Build | Palisade Wall |
| 0:48 | Create | Villager (Male) |
| 0:56 | Build | Palisade Wall |
| 1:01 | Build | Palisade Wall |
| 1:15 | Build | Palisade Wall |
| 1:18 | Build | Palisade Wall |
| 1:27 | Build | Palisade Wall |
| 1:29 | Build | Palisade Wall |
| 1:34 | Build | Palisade Wall |
| 1:38 | Build | Palisade Wall |
| 1:41 | Build | Palisade Wall |
| 1:46 | Build | Palisade Wall |
| 1:49 | Build | Palisade Wall |
| 1:51 | Build | Palisade Wall |
| 2:27 | Create | Villager (Male) |
| 2:51 | Create | Villager (Male) |
| 3:14 | Create | Villager (Male) |
| 3:40 | Create | Villager (Male) |
| 3:40 | Create | Villager (Male) |
| 4:02 | Build | House |
| 4:09 | Create | Villager (Male) |
| 4:33 | Create | Villager (Male) |
| 4:52 | Create | Villager (Male) |
| 4:53 | Create | Villager (Male) |
| 4:53 | Create | Villager (Male) |
| 5:04 | Create | Villager (Male) |
| 5:28 | Create | Villager (Male) |
| 5:41 | Create | Villager (Male) |
| 5:44 | Create | Villager (Male) |
| 6:15 | Create | Villager (Male) |
| 6:38 | Build | Lumber Camp |
| 6:48 | Create | Villager (Male) |
| 6:48 | Create | Villager (Male) |
| 7:29 | Build | House |
| 7:37 | Build | House |
| 7:44 | Build | House |
| 7:51 | Build | House |
| 7:59 | Build | House |
| 8:00 | Create | Villager (Male) |
| 8:25 | Build | House |
| 8:25 | Create | Villager (Male) |
| 8:30 | Build | Palisade Wall |
| 8:32 | Build | House |
| 8:47 | Create | Villager (Male) |
| 8:52 | Create | Villager (Male) |
| 9:38 | Build | Mill |
| 9:49 | Create | Villager (Male) |
| 10:09 | Research | Feudal Age |
| 10:36 | Create | Villager (Male) |
| 11:15 | Build | House |
| 11:19 | Create | Villager (Male) |
| 11:46 | Create | Villager (Male) |
| 12:06 | Create | Villager (Male) |
| 12:18 | Create | Villager (Male) |
| 12:24 | Age | Feudal Age |
| 12:39 | Build | Watch Tower |
| 12:44 | Build | Mining Camp |
| 12:49 | Create | Villager (Male) |
| 12:58 | Create | Villager (Male) |
| 13:03 | Create | Villager (Male) |
| 13:09 | Build | Farm |
| 13:10 | Build | Farm |
| 13:22 | Build | Farm |
| 13:59 | Create | Villager (Male) |
| 14:13 | Build | Farm |
| 14:15 | Create | Villager (Male) |
| 14:37 | Build | Lumber Camp |
| 14:47 | Create | Villager (Male) |
| 14:53 | Create | Villager (Male) |
| 15:01 | Build | Farm |
| 15:56 | Build | Farm |
| 16:23 | Build | Farm |
| 16:25 | Create | Villager (Male) |
| 16:34 | Build | Farm |
| 16:46 | Build | Watch Tower |
| 17:03 | Build | Farm |
| 17:26 | Create | Villager (Male) |
| 17:33 | Create | Villager (Male) |
| 17:35 | Create | Villager (Male) |
| 17:50 | Build | Farm |
| 17:50 | Build | Farm |
| 17:51 | Build | Farm |
| 18:06 | Build | Market |
| 18:26 | Build | Blacksmith |
| 18:27 | Create | Villager (Male) |
| 19:03 | Build | House |
| 19:20 | Research | Castle Age |
| 19:27 | Build | Barracks |
| 19:28 | Create | Villager (Male) |
| 19:35 | Build | Farm |
| 19:46 | Build | Mining Camp |
| 19:50 | Create | Villager (Male) |
| 20:00 | Research | Double-Bit Axe |
| 20:31 | Build | Stone Wall |
| 20:37 | Research | Horse Collar |
| 21:31 | Research | Fletching |
| 22:02 | Age | Castle Age |
| 22:12 | Build | Castle |
| 22:40 | Build | Town Center |
| 22:41 | Build | Farm |
| 22:42 | Build | Farm |
| 22:42 | Build | Farm |
| 22:44 | Build | Farm |
| 22:45 | Build | Farm |
| 22:45 | Build | Farm |
| 22:49 | Build | Farm |
| 22:49 | Build | Farm |
| 23:24 | Create | Villager (Male) |
| 23:47 | Create | Villager (Male) |
| 23:56 | Create | Villager (Male) |
| 23:58 | Build | House |
| 24:02 | Build | Palisade Wall |
| 24:05 | Build | House |
| 24:08 | Build | House |
| 24:14 | Build | House |
| 24:18 | Build | House |
| 24:19 | Build | Palisade Wall |
| 24:21 | Create | Villager (Male) |
| 24:32 | Build | Palisade Wall |
| 24:33 | Create | Villager (Male) |
| 24:39 | Create | Longbowman |
| 24:40 | Create | Longbowman |
| 24:44 | Create | Villager (Male) |
| 25:02 | Build | Town Center |
| 25:07 | Create | Longbowman |
| 25:17 | Create | Villager (Male) |
| 25:18 | Create | Longbowman |
| 25:37 | Create | Longbowman |
| 25:50 | Create | Longbowman |
| 25:58 | Build | Farm |
| 26:01 | Research | Bow Saw |
| 26:02 | Create | Villager (Male) |
| 26:02 | Create | Villager (Male) |
| 26:19 | Build | Monastery |
| 26:20 | Create | Villager (Male) |
| 26:20 | Create | Villager (Male) |
| 26:22 | Create | Longbowman |
| 26:22 | Create | Longbowman |
| 26:31 | Build | Farm |
| 26:32 | Create | Villager (Male) |
Build order — DL | El pata de las GTX
First 150 of 375 actions detected
| 0:01 | Create | Villager (Male) |
| 0:02 | Create | Villager (Male) |
| 0:03 | Build | House |
| 0:04 | Build | House |
| 0:22 | Create | Villager (Male) |
| 0:22 | Create | Villager (Male) |
| 0:49 | Create | Villager (Male) |
| 0:49 | Create | Villager (Male) |
| 1:24 | Create | Villager (Male) |
| 1:24 | Create | Villager (Male) |
| 1:48 | Build | Lumber Camp |
| 1:56 | Create | Villager (Male) |
| 1:56 | Create | Villager (Male) |
| 2:28 | Create | Villager (Male) |
| 2:57 | Build | House |
| 3:16 | Create | Villager (Male) |
| 3:16 | Create | Villager (Male) |
| 3:38 | Create | Villager (Male) |
| 3:58 | Build | Mill |
| 4:21 | Create | Villager (Male) |
| 4:41 | Create | Villager (Male) |
| 4:47 | Build | Farm |
| 4:55 | Create | Villager (Male) |
| 5:28 | Create | Villager (Male) |
| 5:30 | Build | House |
| 5:39 | Build | Farm |
| 5:56 | Create | Villager (Male) |
| 6:15 | Create | Villager (Male) |
| 6:18 | Build | Farm |
| 6:39 | Create | Villager (Male) |
| 7:03 | Build | Farm |
| 7:08 | Create | Villager (Male) |
| 7:31 | Create | Villager (Male) |
| 7:51 | Build | Mining Camp |
| 7:58 | Create | Villager (Male) |
| 8:17 | Research | Feudal Age |
| 9:31 | Build | Farm |
| 10:27 | Build | House |
| 10:30 | Age | Feudal Age |
| 10:34 | Create | Villager (Male) |
| 10:56 | Build | Market |
| 11:00 | Create | Villager (Male) |
| 11:09 | Create | Villager (Male) |
| 11:19 | Build | House |
| 11:20 | Build | House |
| 11:50 | Create | Villager (Male) |
| 12:17 | Create | Villager (Male) |
| 12:23 | Build | Blacksmith |
| 12:31 | Create | Villager (Male) |
| 12:45 | Build | House |
| 12:54 | Research | Castle Age |
| 12:54 | Research | Castle Age |
| 12:57 | Research | Double-Bit Axe |
| 12:57 | Research | Double-Bit Axe |
| 12:57 | Research | Horse Collar |
| 12:58 | Research | Horse Collar |
| 14:50 | Create | Villager (Male) |
| 14:51 | Create | Villager (Male) |
| 14:54 | Build | House |
| 15:19 | Age | Castle Age |
| 15:22 | Build | Town Center |
| 15:24 | Create | Villager (Male) |
| 15:33 | Build | Town Center |
| 15:59 | Create | Villager (Male) |
| 16:05 | Create | Villager (Male) |
| 16:21 | Create | Villager (Male) |
| 16:21 | Create | Villager (Male) |
| 16:28 | Research | Bow Saw |
| 16:28 | Research | Bow Saw |
| 16:31 | Build | House |
| 16:32 | Build | House |
| 16:48 | Create | Villager (Male) |
| 16:57 | Create | Villager (Male) |
| 17:10 | Build | Farm |
| 17:11 | Build | Farm |
| 17:12 | Build | Farm |
| 17:14 | Create | Villager (Male) |
| 17:40 | Create | Villager (Male) |
| 17:40 | Create | Villager (Male) |
| 17:46 | Build | Farm |
| 17:46 | Build | Farm |
| 17:48 | Build | Farm |
| 18:03 | Research | Loom |
| 18:04 | Create | Villager (Male) |
| 18:04 | Create | Villager (Male) |
| 18:19 | Build | Farm |
| 18:19 | Build | Farm |
| 18:20 | Build | Farm |
| 18:20 | Build | Farm |
| 18:20 | Build | Farm |
| 18:25 | Build | Farm |
| 18:32 | Create | Villager (Male) |
| 18:35 | Create | Villager (Male) |
| 18:35 | Create | Villager (Male) |
| 18:39 | Research | Heavy Plow |
| 18:39 | Research | Heavy Plow |
| 19:13 | Build | Siege Workshop |
| 19:14 | Create | Villager (Male) |
| 19:14 | Create | Villager (Male) |
| 19:25 | Build | Mill |
| 19:26 | Build | Farm |
| 19:26 | Build | Farm |
| 19:27 | Build | Farm |
| 19:27 | Build | Farm |
| 19:27 | Build | Farm |
| 19:27 | Build | Farm |
| 19:31 | Build | Farm |
| 19:32 | Create | Villager (Male) |
| 19:33 | Create | Villager (Male) |
| 19:41 | Create | Villager (Male) |
| 19:41 | Create | Villager (Male) |
| 19:41 | Create | Villager (Male) |
| 19:58 | Create | Villager (Male) |
| 19:58 | Create | Villager (Male) |
| 20:03 | Build | Farm |
| 20:08 | Create | Villager (Male) |
| 20:09 | Create | Villager (Male) |
| 20:12 | Build | Monastery |
| 20:25 | Create | Mangonel |
| 20:28 | Build | House |
| 20:30 | Create | Villager (Male) |
| 20:30 | Create | Villager (Male) |
| 20:32 | Create | Villager (Male) |
| 20:38 | Build | Farm |
| 20:38 | Create | Villager (Male) |
| 20:38 | Create | Villager (Male) |
| 20:43 | Build | Farm |
| 20:43 | Create | Villager (Male) |
| 20:44 | Create | Villager (Male) |
| 20:53 | Build | Lumber Camp |
| 20:59 | Create | Mangonel |
| 21:02 | Create | Villager (Male) |
| 21:02 | Create | Villager (Male) |
| 21:07 | Build | Farm |
| 21:11 | Create | Villager (Male) |
| 21:12 | Create | Villager (Male) |
| 21:12 | Create | Villager (Male) |
| 21:14 | Build | House |
| 21:36 | Create | Villager (Male) |
| 21:36 | Create | Villager (Male) |
| 21:36 | Create | Villager (Male) |
| 21:38 | Create | Villager (Male) |
| 21:38 | Create | Villager (Male) |
| 21:42 | Build | Farm |
| 21:43 | Build | Farm |
| 21:44 | Build | Farm |
| 21:45 | Create | Villager (Male) |
| 21:48 | Create | Monk |
| 22:29 | Create | Villager (Male) |
| 22:29 | Create | Villager (Male) |
Build order — TheTimeKeeper
84 actions detected in the replay
| 0:00 | Create | Villager (Male) |
| 0:01 | Create | Villager (Male) |
| 0:01 | Create | Villager (Male) |
| 0:02 | Build | House |
| 0:05 | Build | House |
| 0:24 | Create | Villager (Male) |
| 0:43 | Research | Loom |
| 1:20 | Create | Villager (Male) |
| 1:20 | Create | Villager (Male) |
| 1:45 | Create | Villager (Male) |
| 2:10 | Build | Palisade Wall |
| 2:20 | Build | Palisade Wall |
| 2:29 | Create | Villager (Male) |
| 2:44 | Build | Palisade Wall |
| 3:24 | Create | Villager (Male) |
| 3:57 | Build | Lumber Camp |
| 4:01 | Create | Villager (Male) |
| 4:09 | Create | Villager (Male) |
| 4:38 | Create | Villager (Male) |
| 4:59 | Create | Villager (Male) |
| 5:37 | Build | House |
| 5:41 | Build | House |
| 5:54 | Create | Villager (Male) |
| 5:54 | Create | Villager (Male) |
| 5:54 | Create | Villager (Male) |
| 5:55 | Create | Villager (Male) |
| 7:07 | Create | Villager (Male) |
| 7:07 | Create | Villager (Male) |
| 7:08 | Create | Villager (Male) |
| 7:32 | Build | Mill |
| 8:02 | Create | Villager (Male) |
| 8:02 | Create | Villager (Male) |
| 8:03 | Create | Villager (Male) |
| 9:19 | Create | Villager (Male) |
| 9:19 | Create | Villager (Male) |
| 10:08 | Build | Mining Camp |
| 10:23 | Research | Feudal Age |
| 11:47 | Age | Feudal Age |
| 12:04 | Build | Market |
| 12:44 | Build | Blacksmith |
| 14:24 | Research | Castle Age |
| 16:00 | Age | Castle Age |
| 16:04 | Build | Castle |
| 17:00 | Build | Siege Workshop |
| 17:06 | Build | Mining Camp |
| 18:06 | Create | Battering Ram |
| 18:14 | Create | Karambit Warrior ×2 |
| 18:15 | Create | Karambit Warrior |
| 18:15 | Create | Karambit Warrior |
| 18:41 | Create | Karambit Warrior |
| 18:41 | Create | Karambit Warrior |
| 18:41 | Create | Karambit Warrior |
| 18:42 | Create | Karambit Warrior |
| 20:07 | Create | Battering Ram |
| 20:11 | Create | Karambit Warrior ×5 |
| 20:12 | Create | Karambit Warrior |
| 23:08 | Create | Mangonel |
| 23:42 | Create | Battering Ram |
| 23:56 | Create | Karambit Warrior ×5 |
| 23:56 | Create | Karambit Warrior ×5 |
| 23:56 | Create | Karambit Warrior ×5 |
| 24:28 | Build | Lumber Camp |
| 24:33 | Create | Battering Ram |
| 25:20 | Create | Karambit Warrior |
| 25:21 | Create | Karambit Warrior |
| 25:21 | Create | Karambit Warrior |
| 25:21 | Create | Karambit Warrior |
| 25:26 | Create | Karambit Warrior |
| 25:39 | Build | Barracks |
| 26:50 | Research | Squires |
| 27:16 | Research | Forging |
| 28:31 | Create | Petard |
| 28:31 | Create | Petard |
| 32:51 | Build | Stone Wall |
| 36:13 | Build | Farm |
| 36:13 | Build | Farm |
| 36:14 | Build | Farm |
| 36:14 | Build | Farm |
| 36:15 | Build | Farm |
| 36:15 | Build | Farm |
| 36:16 | Build | Farm |
| 36:16 | Build | Farm |
| 36:17 | Build | Farm |
| 36:17 | Build | Farm |
Build order — DL | Nato
First 150 of 220 actions detected
| 0:14 | Create | Villager (Male) |
| 0:14 | Create | Villager (Male) |
| 0:15 | Create | Villager (Male) |
| 0:15 | Create | Villager (Male) |
| 0:15 | Create | Villager (Male) |
| 0:16 | Build | House |
| 0:18 | Build | House |
| 1:54 | Create | Villager (Male) |
| 1:58 | Build | Lumber Camp |
| 2:34 | Create | Villager (Male) |
| 2:56 | Research | Loom |
| 3:08 | Create | Villager (Male) |
| 3:09 | Create | Villager (Male) |
| 3:09 | Create | Villager (Male) |
| 4:24 | Create | Villager (Male) |
| 4:24 | Create | Villager (Male) |
| 4:44 | Create | Villager (Male) |
| 4:45 | Create | Villager (Male) |
| 5:05 | Create | Villager (Male) |
| 5:12 | Build | House |
| 5:34 | Build | Mill |
| 5:38 | Create | Villager (Male) |
| 6:55 | Build | Farm |
| 6:58 | Build | Farm |
| 7:02 | Create | Villager (Male) |
| 7:07 | Build | Farm |
| 7:12 | Build | House |
| 7:32 | Create | Villager (Male) |
| 8:01 | Create | Villager (Male) |
| 8:02 | Create | Villager (Male) |
| 8:07 | Build | Farm |
| 8:11 | Create | Villager (Male) |
| 8:33 | Create | Villager (Male) |
| 8:56 | Build | Mining Camp |
| 9:16 | Research | Feudal Age |
| 10:12 | Create | Villager (Male) |
| 10:18 | Create | Villager (Male) |
| 11:01 | Build | Mill |
| 11:04 | Build | Farm |
| 11:43 | Build | House |
| 11:51 | Age | Feudal Age |
| 12:27 | Build | Farm |
| 12:47 | Build | Blacksmith |
| 12:54 | Create | Villager (Male) |
| 12:55 | Create | Villager (Male) |
| 13:39 | Create | Villager (Male) |
| 13:41 | Research | Forging |
| 13:46 | Build | Market |
| 14:18 | Build | Farm |
| 14:19 | Create | Villager (Male) |
| 14:19 | Create | Villager (Male) |
| 14:26 | Research | Castle Age |
| 14:27 | Research | Castle Age |
| 14:38 | Build | Mining Camp |
| 15:09 | Research | Stone Mining |
| 15:18 | Research | Double-Bit Axe |
| 15:30 | Research | Horse Collar |
| 16:38 | Research | Loom |
| 17:06 | Age | Castle Age |
| 17:12 | Build | House |
| 17:16 | Create | Villager (Male) |
| 17:16 | Create | Villager (Male) |
| 17:17 | Create | Villager (Male) |
| 17:51 | Create | Villager (Male) |
| 17:58 | Build | Farm |
| 18:02 | Build | Farm |
| 18:07 | Create | Villager (Male) |
| 18:22 | Build | Castle |
| 18:34 | Create | Villager (Male) |
| 18:42 | Research | Padded Archer Armor |
| 18:46 | Create | Villager (Male) |
| 18:53 | Create | Villager (Male) |
| 19:03 | Research | Gold Mining |
| 19:28 | Create | Villager (Male) |
| 19:31 | Research | Wheelbarrow |
| 19:50 | Create | Villager (Male) |
| 19:52 | Create | Conquistador |
| 19:52 | Create | Conquistador |
| 19:53 | Create | Conquistador |
| 19:53 | Create | Conquistador |
| 20:18 | Create | Villager (Male) |
| 20:24 | Create | Villager (Male) |
| 20:31 | Build | Farm |
| 20:43 | Create | Villager (Male) |
| 20:51 | Create | Conquistador |
| 21:00 | Build | Town Center |
| 21:06 | Create | Villager (Male) |
| 21:09 | Create | Villager (Male) |
| 21:15 | Create | Conquistador |
| 21:45 | Create | Villager (Male) |
| 22:07 | Build | Siege Workshop |
| 22:11 | Create | Conquistador |
| 22:11 | Create | Conquistador |
| 22:14 | Create | Villager (Male) |
| 22:21 | Build | Farm |
| 22:25 | Build | Farm |
| 23:47 | Create | Battering Ram |
| 23:48 | Create | Battering Ram |
| 23:56 | Build | House |
| 24:00 | Create | Villager (Male) |
| 24:01 | Create | Villager (Male) |
| 24:02 | Create | Conquistador |
| 24:03 | Create | Conquistador |
| 24:07 | Build | Farm |
| 24:07 | Build | Farm |
| 24:07 | Build | Farm |
| 24:11 | Research | Bow Saw |
| 24:13 | Create | Villager (Male) |
| 24:15 | Create | Villager (Male) |
| 24:18 | Create | Villager (Male) |
| 24:21 | Create | Villager (Male) |
| 24:24 | Create | Villager (Male) |
| 24:36 | Create | Battering Ram |
| 24:43 | Create | Villager (Male) |
| 24:47 | Build | Farm |
| 24:56 | Build | Farm |
| 24:58 | Create | Villager (Male) |
| 25:04 | Create | Villager (Male) |
| 25:11 | Create | Conquistador |
| 25:11 | Create | Conquistador |
| 25:12 | Create | Villager (Male) |
| 25:20 | Build | Farm |
| 25:25 | Build | Farm |
| 25:28 | Build | Farm |
| 25:41 | Build | House |
| 25:50 | Create | Battering Ram |
| 26:02 | Create | Villager (Male) |
| 26:06 | Build | House |
| 26:07 | Build | House |
| 26:09 | Create | Villager (Male) |
| 26:14 | Build | Farm |
| 26:18 | Build | Farm |
| 26:29 | Create | Battering Ram |
| 26:32 | Build | House |
| 26:49 | Create | Villager (Male) |
| 26:51 | Build | Farm |
| 26:55 | Build | Farm |
| 26:57 | Build | House |
| 26:58 | Build | House |
| 27:24 | Create | Conquistador |
| 27:24 | Create | Conquistador |
| 27:24 | Create | Conquistador |
| 27:24 | Create | Conquistador |
| 27:24 | Create | Conquistador |
| 27:25 | Create | Conquistador |
| 27:27 | Create | Villager (Male) |
| 27:28 | Create | Villager (Male) |
| 27:30 | Create | Villager (Male) |
| 27:41 | Research | Stone Mining |
| 28:57 | Create | Conquistador |
Build order — Buhr
First 150 of 197 actions detected
| 0:02 | Create | Villager (Male) ×4 |
| 0:05 | Build | House |
| 0:06 | Build | House |
| 1:35 | Create | Villager (Male) |
| 1:57 | Create | Villager (Male) |
| 2:18 | Create | Villager (Male) |
| 2:20 | Build | Lumber Camp |
| 2:50 | Create | Villager (Male) |
| 3:14 | Create | Villager (Male) |
| 3:42 | Create | Villager (Male) |
| 3:42 | Create | Villager (Male) |
| 3:55 | Build | House |
| 4:10 | Create | Villager (Male) |
| 4:35 | Create | Villager (Male) |
| 4:36 | Create | Villager (Male) |
| 5:07 | Build | Dock |
| 5:26 | Research | Loom |
| 5:27 | Create | Villager (Male) |
| 5:33 | Build | House |
| 5:53 | Create | Villager (Male) |
| 6:02 | Create | Fishing Ship |
| 6:13 | Build | House |
| 6:24 | Create | Villager (Male) |
| 6:24 | Create | Villager (Male) |
| 6:41 | Create | Fishing Ship |
| 6:46 | Build | House |
| 7:06 | Create | Villager (Male) |
| 7:07 | Create | Villager (Male) |
| 7:31 | Create | Fishing Ship |
| 7:32 | Build | House |
| 7:48 | Create | Villager (Male) |
| 7:57 | Create | Villager (Male) |
| 8:08 | Build | House |
| 8:17 | Create | Fishing Ship |
| 8:31 | Create | Villager (Male) |
| 8:43 | Create | Villager (Male) |
| 8:46 | Build | Mining Camp |
| 9:00 | Create | Fishing Ship |
| 9:16 | Create | Fishing Ship |
| 9:47 | Create | Villager (Male) |
| 9:48 | Create | Villager (Male) |
| 10:15 | Build | Palisade Wall |
| 10:32 | Create | Villager (Male) |
| 10:41 | Build | Mill |
| 10:52 | Build | Mining Camp |
| 10:53 | Create | Fishing Ship |
| 11:04 | Build | Mill |
| 11:16 | Research | Feudal Age |
| 12:03 | Build | Barracks |
| 12:09 | Build | House |
| 12:19 | Create | Villager (Male) |
| 12:20 | Create | Villager (Male) |
| 12:39 | Build | Palisade Gate |
| 12:58 | Create | Fishing Ship |
| 13:12 | Build | House |
| 13:26 | Age | Feudal Age |
| 13:30 | Build | Market |
| 13:32 | Build | Blacksmith |
| 13:58 | Build | Fish Trap |
| 14:25 | Research | Castle Age |
| 14:32 | Build | Mill |
| 14:44 | Build | Outpost |
| 15:12 | Build | Fish Trap |
| 15:26 | Build | Fish Trap |
| 15:38 | Research | Double-Bit Axe |
| 15:59 | Build | Fish Trap |
| 16:24 | Build | Lumber Camp |
| 16:59 | Create | Villager (Male) |
| 16:59 | Create | Villager (Male) |
| 17:05 | Age | Castle Age |
| 17:07 | Build | Siege Workshop |
| 17:16 | Build | Fish Trap |
| 17:20 | Create | Villager (Male) |
| 17:35 | Build | Fish Trap |
| 17:59 | Create | Villager (Male) |
| 18:00 | Create | Villager (Male) |
| 18:01 | Create | Battering Ram |
| 18:08 | Build | House |
| 18:11 | Create | Villager (Male) |
| 18:17 | Create | Villager (Male) |
| 18:23 | Research | Bow Saw |
| 18:37 | Build | Fish Trap |
| 18:54 | Build | House |
| 18:56 | Build | Fish Trap |
| 18:56 | Create | Villager (Male) |
| 18:56 | Create | Villager (Male) |
| 19:21 | Build | Castle |
| 19:26 | Create | Battering Ram |
| 19:29 | Build | Farm |
| 19:40 | Build | Farm |
| 19:52 | Build | Farm |
| 19:59 | Build | Farm |
| 20:02 | Build | Farm |
| 20:31 | Build | Farm |
| 20:34 | Build | Farm |
| 20:38 | Build | Farm |
| 21:29 | Build | Mining Camp |
| 21:36 | Build | Mining Camp |
| 21:45 | Build | House |
| 21:46 | Build | House |
| 21:47 | Build | House |
| 21:53 | Create | Organ Gun |
| 22:00 | Research | Imperial Age |
| 22:13 | Build | Mining Camp |
| 22:41 | Create | Organ Gun |
| 23:04 | Create | Organ Gun |
| 23:56 | Create | Organ Gun |
| 23:56 | Create | Organ Gun |
| 24:07 | Build | House |
| 25:08 | Build | House |
| 25:09 | Build | House |
| 25:10 | Build | House |
| 25:10 | Age | Imperial Age |
| 25:22 | Build | University |
| 25:54 | Build | Feitoria |
| 26:14 | Create | Villager (Male) |
| 26:15 | Create | Villager (Male) |
| 26:16 | Create | Villager (Male) |
| 26:16 | Create | Villager (Male) |
| 26:21 | Build | Feitoria |
| 26:42 | Create | Villager (Male) |
| 26:43 | Research | Two-Man Saw |
| 26:43 | Research | Two-Man Saw |
| 26:47 | Build | House |
| 26:48 | Build | House |
| 26:49 | Build | House |
| 26:49 | Build | House |
| 26:50 | Build | House |
| 26:51 | Build | House |
| 27:24 | Build | Mining Camp |
| 27:33 | Research | Chemistry |
| 27:46 | Create | Organ Gun |
| 27:46 | Create | Organ Gun |
| 27:47 | Create | Organ Gun |
| 27:55 | Create | Villager (Male) |
| 28:01 | Build | Siege Workshop |
| 28:16 | Create | Organ Gun |
| 28:16 | Create | Organ Gun |
| 28:30 | Create | Organ Gun |
| 28:39 | Create | Villager (Male) |
| 28:39 | Create | Villager (Male) |
| 28:43 | Build | Castle |
| 29:02 | Build | Siege Workshop |
| 29:11 | Research | Fletching |
| 29:13 | Research | Coinage |
| 29:39 | Build | Feitoria |
| 30:05 | Create | Organ Gun |
| 30:05 | Create | Organ Gun |
| 30:05 | Create | Organ Gun |
| 30:18 | Create | Organ Gun |
Build order — Sky_二哥
First 150 of 302 actions detected
| 0:02 | Create | Villager (Male) |
| 0:02 | Create | Villager (Male) |
| 0:02 | Create | Villager (Male) |
| 0:04 | Build | House |
| 0:07 | Build | House |
| 0:33 | Create | Villager (Male) |
| 0:33 | Create | Villager (Male) |
| 1:13 | Create | Villager (Male) |
| 1:14 | Create | Villager (Male) |
| 1:23 | Build | Settlement |
| 1:28 | Create | Villager (Male) |
| 2:19 | Create | Villager (Male) |
| 2:20 | Create | Villager (Male) |
| 2:52 | Create | Villager (Male) |
| 2:52 | Create | Villager (Male) |
| 3:30 | Create | Villager (Male) |
| 3:30 | Create | Villager (Male) |
| 3:45 | Create | Villager (Male) |
| 3:55 | Research | Loom |
| 4:06 | Create | Villager (Male) |
| 4:06 | Create | Villager (Male) |
| 4:35 | Create | Villager (Male) |
| 4:35 | Create | Villager (Male) |
| 4:35 | Create | Villager (Male) |
| 5:59 | Create | Villager (Male) |
| 6:00 | Create | Villager (Male) |
| 6:09 | Build | Dock |
| 6:24 | Build | Settlement |
| 7:12 | Create | Villager (Male) |
| 7:13 | Create | Villager (Male) |
| 7:13 | Create | Villager (Male) |
| 7:13 | Create | Villager (Male) |
| 7:13 | Create | Villager (Male) |
| 7:14 | Create | Villager (Male) |
| 7:20 | Build | House |
| 7:22 | Build | House |
| 7:29 | Create | Villager (Male) |
| 7:29 | Create | Villager (Male) |
| 7:30 | Create | Villager (Male) |
| 8:52 | Create | Villager (Male) |
| 8:52 | Create | Villager (Male) |
| 8:56 | Create | Fishing Ship |
| 8:57 | Create | Fishing Ship |
| 8:57 | Create | Fishing Ship |
| 9:14 | Build | Farm |
| 9:43 | Create | Villager (Male) |
| 10:19 | Build | Settlement |
| 11:03 | Research | Feudal Age |
| 11:17 | Build | House |
| 11:18 | Build | House |
| 11:20 | Build | House |
| 12:01 | Create | Villager (Male) |
| 12:01 | Create | Villager (Male) |
| 12:01 | Create | Villager (Male) |
| 12:28 | Build | Settlement |
| 13:08 | Build | House |
| 13:13 | Age | Feudal Age |
| 13:23 | Build | Market |
| 13:31 | Build | Blacksmith |
| 13:56 | Build | Fish Trap |
| 14:04 | Build | Fish Trap |
| 14:24 | Build | Fish Trap |
| 14:57 | Build | Barracks |
| 15:26 | Research | Castle Age |
| 15:27 | Research | Castle Age |
| 15:36 | Build | Settlement |
| 15:55 | Research | Double-Bit Axe |
| 16:09 | Research | Horse Collar |
| 16:10 | Research | Horse Collar |
| 16:44 | Build | Farm |
| 16:48 | Create | Fishing Ship |
| 17:17 | Create | Villager (Male) |
| 17:17 | Create | Villager (Male) |
| 17:17 | Create | Villager (Male) |
| 17:18 | Create | Villager (Male) |
| 17:29 | Create | Spearman |
| 17:29 | Create | Spearman |
| 17:29 | Create | Spearman |
| 17:54 | Research | Fletching |
| 18:06 | Age | Castle Age |
| 18:09 | Build | Siege Workshop |
| 18:15 | Create | Villager (Male) |
| 18:15 | Create | Villager (Male) |
| 18:32 | Create | Spearman |
| 18:32 | Create | Spearman |
| 18:32 | Create | Spearman |
| 18:36 | Research | Pikeman (upgrade) |
| 18:38 | Create | Spearman |
| 18:39 | Create | Spearman |
| 18:42 | Create | Battering Ram |
| 18:45 | Create | Mangonel |
| 19:04 | Build | Farm |
| 19:28 | Create | Villager (Male) |
| 19:30 | Create | Villager (Male) |
| 19:44 | Create | Mangonel |
| 19:48 | Create | Scorpion |
| 19:48 | Create | Scorpion |
| 19:57 | Create | Villager (Male) |
| 19:57 | Create | Villager (Male) |
| 20:30 | Create | Scorpion |
| 20:38 | Build | Archery Range |
| 20:47 | Build | Fish Trap |
| 20:48 | Create | Fishing Ship |
| 20:49 | Create | Fishing Ship |
| 20:52 | Create | Villager (Male) |
| 20:52 | Create | Villager (Male) |
| 20:52 | Create | Villager (Male) |
| 20:53 | Create | Villager (Male) |
| 21:04 | Create | Scorpion |
| 21:16 | Create | Spearman |
| 21:16 | Create | Spearman |
| 21:17 | Create | Spearman |
| 21:18 | Create | Spearman |
| 21:18 | Create | Spearman |
| 21:43 | Create | Spearman |
| 21:43 | Create | Spearman |
| 21:49 | Build | Fish Trap |
| 21:54 | Create | Villager (Male) |
| 21:54 | Create | Villager (Male) |
| 22:20 | Create | Villager (Male) |
| 22:20 | Create | Villager (Male) |
| 22:33 | Build | Town Center |
| 22:58 | Create | Spearman |
| 22:59 | Create | Spearman |
| 22:59 | Create | Spearman |
| 23:32 | Research | Squires |
| 23:37 | Research | Scale Mail Armor |
| 23:43 | Build | Farm |
| 25:09 | Create | Villager (Male) |
| 25:10 | Create | Villager (Male) |
| 25:10 | Create | Villager (Male) |
| 25:11 | Create | Villager (Male) |
| 25:12 | Create | Villager (Male) |
| 25:12 | Create | Villager (Male) |
| 25:12 | Create | Villager (Male) |
| 25:17 | Build | Farm |
| 25:18 | Build | Farm |
| 25:20 | Build | Farm |
| 25:22 | Build | Farm |
| 25:25 | Create | Villager (Male) |
| 25:29 | Create | Villager (Male) |
| 25:29 | Create | Villager (Male) |
| 25:36 | Build | Farm |
| 25:37 | Build | Farm |
| 25:42 | Build | Farm |
| 25:48 | Create | Fishing Ship |
| 25:48 | Create | Fishing Ship |
| 25:54 | Create | Villager (Male) |
| 26:13 | Build | Castle |
| 26:20 | Build | Town Center |
Build order — Cyndaquil
First 150 of 259 actions detected
| 0:03 | Create | Villager (Male) |
| 0:03 | Create | Villager (Male) |
| 0:04 | Build | House |
| 0:05 | Build | House |
| 0:37 | Create | Villager (Male) |
| 1:13 | Create | Villager (Male) |
| 1:39 | Create | Villager (Male) |
| 1:50 | Build | Lumber Camp |
| 2:05 | Create | Villager (Male) |
| 2:08 | Create | Villager (Male) |
| 2:40 | Create | Villager (Male) |
| 2:48 | Build | House |
| 3:03 | Build | House |
| 3:06 | Create | Villager (Male) |
| 3:08 | Build | House |
| 3:11 | Build | House |
| 3:20 | Create | Villager (Male) |
| 3:23 | Create | Villager (Male) |
| 4:21 | Create | Villager (Male) |
| 4:28 | Build | Mill |
| 5:01 | Create | Villager (Male) |
| 5:02 | Research | Loom |
| 5:09 | Build | Palisade Wall |
| 5:52 | Research | Feudal Age |
| 5:52 | Research | Feudal Age |
| 6:32 | Build | Mining Camp |
| 7:04 | Create | Villager (Male) |
| 7:37 | Create | Villager (Male) |
| 8:03 | Age | Feudal Age |
| 8:04 | Build | Watch Tower |
| 8:07 | Research | Double-Bit Axe |
| 8:12 | Build | House |
| 8:17 | Create | Villager (Male) |
| 8:40 | Build | House |
| 8:43 | Build | Dock |
| 9:07 | Create | Villager (Male) |
| 9:19 | Create | Villager (Male) |
| 9:19 | Create | Villager (Male) |
| 9:39 | Build | Outpost |
| 9:41 | Research | Town Watch |
| 9:47 | Create | Villager (Male) |
| 10:32 | Create | Villager (Male) |
| 10:36 | Build | Watch Tower |
| 10:39 | Create | Villager (Male) |
| 10:49 | Build | Stone Wall |
| 10:52 | Build | Stone Wall |
| 10:56 | Build | Stone Wall |
| 10:58 | Build | Stone Wall |
| 11:11 | Create | Villager (Male) |
| 11:18 | Create | Fishing Ship |
| 11:18 | Create | Fishing Ship |
| 11:34 | Create | Villager (Male) |
| 11:46 | Build | Stone Wall |
| 12:05 | Create | Villager (Male) |
| 12:14 | Build | Watch Tower |
| 12:21 | Create | Villager (Male) |
| 12:24 | Create | Fishing Ship |
| 12:33 | Build | Watch Tower |
| 12:38 | Create | Villager (Male) |
| 12:45 | Build | Stone Wall |
| 12:47 | Build | Stone Wall |
| 12:49 | Build | Stone Wall |
| 12:50 | Build | Stone Wall |
| 12:51 | Build | Stone Wall |
| 12:52 | Build | Stone Wall |
| 12:57 | Create | Villager (Male) |
| 13:02 | Build | Stone Wall |
| 13:07 | Build | House |
| 13:17 | Build | Stone Wall |
| 13:18 | Build | Stone Wall |
| 13:21 | Create | Villager (Male) |
| 13:42 | Create | Villager (Male) |
| 14:07 | Build | Stone Wall |
| 14:08 | Build | Stone Wall |
| 14:08 | Build | Stone Wall |
| 14:18 | Build | Outpost |
| 14:19 | Build | Stone Wall |
| 14:22 | Create | Villager (Male) |
| 14:24 | Create | Fishing Ship |
| 14:24 | Create | Fishing Ship |
| 14:29 | Build | Dock |
| 14:39 | Build | Mill |
| 14:51 | Create | Villager (Male) |
| 15:01 | Build | Watch Tower |
| 15:04 | Create | Villager (Male) |
| 15:09 | Build | House |
| 15:34 | Build | Watch Tower |
| 15:48 | Create | Villager (Male) |
| 15:57 | Create | Fishing Ship |
| 16:02 | Build | House |
| 16:13 | Build | Stone Wall |
| 16:24 | Build | Stone Wall |
| 16:24 | Build | Stone Wall |
| 16:25 | Build | Stone Wall |
| 16:26 | Build | Stone Wall |
| 16:26 | Build | Stone Wall |
| 16:28 | Create | Villager (Male) |
| 16:48 | Build | Fish Trap |
| 16:59 | Build | Watch Tower |
| 17:04 | Create | Villager (Male) |
| 17:12 | Build | Stone Wall |
| 17:17 | Build | Stone Wall |
| 17:30 | Create | Villager (Male) |
| 17:37 | Build | House |
| 17:39 | Build | House |
| 17:52 | Build | Watch Tower |
| 17:57 | Build | Outpost |
| 18:01 | Build | Fish Trap |
| 18:03 | Create | Villager (Male) |
| 18:14 | Build | Outpost |
| 18:20 | Build | Fish Trap |
| 18:44 | Build | House |
| 18:49 | Build | Lumber Camp |
| 18:57 | Create | Villager (Male) |
| 19:11 | Build | Stone Wall |
| 19:27 | Create | Villager (Male) |
| 19:37 | Build | Market |
| 19:44 | Build | Fish Trap |
| 20:03 | Build | Stone Wall |
| 20:07 | Build | Fish Trap |
| 20:11 | Create | Villager (Male) |
| 20:16 | Build | Fish Trap |
| 20:27 | Build | Blacksmith |
| 20:38 | Create | Villager (Male) |
| 21:15 | Research | Castle Age |
| 21:15 | Research | Castle Age |
| 21:29 | Create | Fishing Ship |
| 21:29 | Create | Fishing Ship |
| 21:33 | Build | Stone Wall |
| 21:45 | Build | Mining Camp |
| 21:49 | Build | Mining Camp |
| 22:00 | Build | Stone Wall |
| 23:03 | Research | Wheelbarrow |
| 23:12 | Build | Fish Trap |
| 23:16 | Build | Fish Trap |
| 23:42 | Build | Stone Wall |
| 23:46 | Build | Gate |
| 23:50 | Build | Stone Wall |
| 23:54 | Age | Castle Age |
| 23:55 | Build | Dock |
| 24:00 | Research | Bow Saw |
| 24:04 | Build | Town Center |
| 24:18 | Build | Stone Wall |
| 24:31 | Create | Villager (Male) |
| 24:54 | Create | Fishing Ship |
| 24:54 | Create | Fishing Ship |
| 24:56 | Build | House |
| 24:58 | Create | Villager (Male) |
| 25:12 | Create | Fishing Ship |
| 25:17 | Create | Fishing Ship |
Match timeline
| 0:33 | Omicron · wall_segment Palisade Wall x4 |
| 0:40 | DL | Tortafuller · wall_segment Palisade Wall x10 |
| 0:41 | DL | Tortafuller · wall_segment Palisade Wall x4 |
| 0:42 | DL | Tortafuller · wall_segment Palisade Wall x1 |
| 0:44 | Omicron · wall_segment Palisade Wall x5 |
| 0:56 | Omicron · wall_segment Palisade Wall x6 |
| 1:01 | Omicron · wall_segment Palisade Wall x3 |
| 1:15 | Omicron · wall_segment Palisade Wall x2 |
| 1:18 | Omicron · wall_segment Palisade Wall x2 |
| 1:27 | Omicron · wall_segment Palisade Wall x1 |
| 1:29 | Omicron · wall_segment Palisade Wall x1 |
| 1:34 | Omicron · wall_segment Palisade Wall x1 |
| 1:38 | Omicron · wall_segment Palisade Wall x1 |
| 1:41 | Omicron · wall_segment Palisade Wall x1 |
| 1:46 | Omicron · wall_segment Palisade Wall x1 |
| 1:49 | Omicron · wall_segment Palisade Wall x1 |
| 1:51 | Omicron · wall_segment Palisade Wall x1 |
| 2:10 | TheTimeKeeper · wall_segment Palisade Wall x1 |
| 2:20 | TheTimeKeeper · wall_segment Palisade Wall x7 |
| 2:44 | TheTimeKeeper · wall_segment Palisade Wall x7 |
| 5:07 | Buhr · first_building Dock |
| 5:09 | Cyndaquil · wall_segment Palisade Wall x8 |
| 6:09 | Sky_二哥 · first_building Dock |
| 8:03 | Cyndaquil · age_up feudal |
| 8:30 | Omicron · wall_segment Palisade Wall x1 |
| 8:43 | Cyndaquil · first_building Dock |
| 10:15 | Buhr · wall_segment Palisade Wall x9 |
| 10:30 | DL | El pata de las GTX · age_up feudal |
| 10:49 | Cyndaquil · wall_segment Stone Wall x1 |
| 10:52 | Cyndaquil · wall_segment Stone Wall x1 |
| 10:56 | Cyndaquil · wall_segment Stone Wall x1 |
| 10:58 | Cyndaquil · wall_segment Stone Wall x1 |
| 11:23 | DL | Tortafuller · age_up feudal |
| 11:46 | Cyndaquil · wall_segment Stone Wall x9 |
| 11:47 | TheTimeKeeper · age_up feudal |
| 11:51 | DL | Nato · age_up feudal |
| 12:03 | Buhr · first_building Barracks |
| 12:24 | Omicron · age_up feudal |
| 12:27 | DL | Tortafuller · wall_segment Palisade Wall x1 |
| 12:30 | DL | Tortafuller · wall_segment Palisade Wall x1 |
| 12:34 | DL | Tortafuller · wall_segment Palisade Wall x1 |
| 12:45 | Cyndaquil · wall_segment Stone Wall x1 |
| 12:47 | Cyndaquil · wall_segment Stone Wall x1 |
| 12:49 | Cyndaquil · wall_segment Stone Wall x1 |
| 12:50 | Cyndaquil · wall_segment Stone Wall x1 |
| 12:51 | Cyndaquil · wall_segment Stone Wall x1 |
| 12:52 | Cyndaquil · wall_segment Stone Wall x1 |
| 13:02 | Cyndaquil · wall_segment Stone Wall x16 |
| 13:13 | Sky_二哥 · age_up feudal |
| 13:17 | Cyndaquil · wall_segment Stone Wall x1 |
| 13:18 | Cyndaquil · wall_segment Stone Wall x1 |
| 13:24 | DL | Tortafuller · wall_segment Palisade Wall x1 |
| 13:24 | DL | Tortafuller · wall_segment Palisade Wall x1 |
| 13:26 | Buhr · age_up feudal |
| 14:07 | Cyndaquil · wall_segment Stone Wall x1 |
| 14:08 | Cyndaquil · wall_segment Stone Wall x1 |
| 14:08 | Cyndaquil · wall_segment Stone Wall x1 |
| 14:08 | DL | Tortafuller · wall_segment Stone Wall x15 |
| 14:10 | TheTimeKeeper · first_market_sell 100 stone |
| 14:19 | Cyndaquil · wall_segment Stone Wall x7 |
| 14:21 | Buhr · first_market_sell 100 stone |
| 14:22 | Buhr · first_market_buy 100 food |
| 14:24 | DL | Tortafuller · wall_segment Stone Wall x2 |
| 14:57 | Sky_二哥 · first_building Barracks |
| 15:19 | DL | El pata de las GTX · age_up castle |
| 15:25 | DL | Tortafuller · wall_segment Palisade Wall x1 |
| 15:27 | DL | Tortafuller · wall_segment Palisade Wall x1 |
| 16:00 | TheTimeKeeper · age_up castle |
| 16:04 | TheTimeKeeper · first_building Castle |
| 16:13 | Cyndaquil · wall_segment Stone Wall x7 |
| 16:24 | Cyndaquil · wall_segment Stone Wall x1 |
| 16:24 | Cyndaquil · wall_segment Stone Wall x1 |
| 16:25 | Cyndaquil · wall_segment Stone Wall x1 |
| 16:26 | Cyndaquil · wall_segment Stone Wall x1 |
| 16:26 | Cyndaquil · wall_segment Stone Wall x1 |
| 17:00 | TheTimeKeeper · first_building Siege Workshop |
| 17:05 | Buhr · age_up castle |
| 17:06 | DL | Nato · age_up castle |
| 17:07 | Buhr · first_building Siege Workshop |
| 17:12 | Cyndaquil · wall_segment Stone Wall x1 |
| 17:17 | Cyndaquil · wall_segment Stone Wall x1 |
| 17:34 | DL | Tortafuller · wall_segment Stone Wall x14 |
| 17:57 | DL | Tortafuller · wall_segment Stone Wall x1 |
| 18:01 | DL | Tortafuller · wall_segment Stone Wall x13 |
| 18:06 | Sky_二哥 · age_up castle |
| 18:09 | Sky_二哥 · first_building Siege Workshop |
| 18:14 | DL | Tortafuller · wall_segment Stone Wall x1 |
| 18:21 | DL | Tortafuller · wall_segment Stone Wall x1 |
| 18:22 | DL | Nato · first_building Castle |
| 18:34 | DL | El pata de las GTX · first_market_buy 100 food |
| 18:54 | DL | Tortafuller · wall_segment Palisade Wall x1 |
| 19:11 | Cyndaquil · wall_segment Stone Wall x12 |
| 19:13 | DL | El pata de las GTX · first_building Siege Workshop |
| 19:21 | Buhr · first_building Castle |
| 19:27 | Omicron · first_building Barracks |
| 19:45 | DL | Tortafuller · wall_segment Palisade Wall x1 |
| 20:03 | Cyndaquil · wall_segment Stone Wall x10 |
| 20:12 | DL | El pata de las GTX · first_building Monastery |
| 20:31 | Omicron · wall_segment Stone Wall x8 |
| 20:38 | Sky_二哥 · first_building Archery Range |
| 21:03 | DL | Tortafuller · wall_segment Stone Wall x1 |
| 21:08 | DL | Tortafuller · wall_segment Stone Wall x1 |
| 21:11 | Cyndaquil · first_market_sell 100 stone |
| 21:33 | Cyndaquil · wall_segment Stone Wall x11 |
| 21:59 | DL | Nato · first_market_buy 100 wood |
| 22:00 | Cyndaquil · wall_segment Stone Wall x12 |
| 22:02 | Omicron · age_up castle |
| 22:07 | DL | Nato · first_building Siege Workshop |
| 22:12 | Omicron · first_building Castle |
| 22:35 | DL | Tortafuller · wall_segment Palisade Wall x1 |
| 22:47 | DL | Tortafuller · wall_segment Stone Wall x1 |
| 23:03 | DL | Tortafuller · wall_segment Stone Wall x1 |
| 23:06 | DL | Tortafuller · wall_segment Stone Wall x1 |
| 23:42 | Cyndaquil · wall_segment Stone Wall x1 |
| 23:50 | Cyndaquil · wall_segment Stone Wall x1 |
| 23:54 | TheTimeKeeper · first_market_buy 100 food |
| 23:54 | Cyndaquil · age_up castle |
| 24:02 | Omicron · wall_segment Palisade Wall x1 |
| 24:03 | DL | Tortafuller · wall_segment Stone Wall x1 |
| 24:18 | Cyndaquil · wall_segment Stone Wall x9 |
| 24:19 | Omicron · wall_segment Palisade Wall x1 |
| 24:32 | Omicron · wall_segment Palisade Wall x1 |
| 25:10 | Buhr · age_up imperial |
| 25:39 | TheTimeKeeper · first_building Barracks |
| 25:54 | DL | El pata de las GTX · first_market_sell 100 food |
| 26:13 | Sky_二哥 · first_building Castle |
| 26:19 | Omicron · first_building Monastery |
| 26:59 | Cyndaquil · first_market_buy 500 food |
| 27:30 | DL | El pata de las GTX · first_building Castle |
| 28:10 | DL | El pata de las GTX · first_building Barracks |
| 28:22 | Cyndaquil · first_building Siege Workshop |
| 28:48 | DL | El pata de las GTX · age_up imperial |
| 29:20 | DL | El pata de las GTX · first_building Stable |
| 29:24 | DL | Tortafuller · first_market_sell 100 food |
| 29:30 | Omicron · first_market_sell 100 wood |
| 30:05 | DL | Tortafuller · wall_segment Stone Wall x1 |
| 30:50 | DL | Tortafuller · age_up castle |
| 31:08 | DL | Tortafuller · first_market_buy 100 wood |
| 31:18 | DL | Tortafuller · first_building Monastery |
| 31:32 | Cyndaquil · first_building Castle |
| 32:13 | Cyndaquil · age_up imperial |
| 32:42 | DL | Nato · first_building Monastery |
| 32:51 | TheTimeKeeper · wall_segment Stone Wall x14 |
| 33:26 | DL | Tortafuller · first_building Siege Workshop |
| 34:28 | Sky_二哥 · wall_segment Stone Wall x2 |
| 34:32 | Sky_二哥 · wall_segment Stone Wall x13 |
| 34:51 | DL | Nato · first_market_sell 100 wood |
| 35:34 | Sky_二哥 · age_up imperial |
| 35:37 | Cyndaquil · resign |
| 36:14 | DL | Nato · age_up imperial |
| 37:04 | DL | Nato · wall_segment Stone Wall x15 |
| 37:12 | Omicron · first_market_buy 100 stone |
| 37:12 | DL | Tortafuller · age_up imperial |
[ AI ANALYSIS · 1 CREDIT ]
What really happened in this match?
Wolo.gg analyzes every decision: build order, eco, micro, common mistakes by bracket. Personalized analysis on WhatsApp or Discord in 30 seconds.
Civ guide
Georgians
Map guide
Black Forest
Perfil
DL | Tortafuller